 Dungeon Crawl Stone Soup version 0.31-a0-799-g6bc09d010c (console) character file.

Game seed: 6524225178853143460

4 jejorda2 the Chopper (level 1, -7/23 HPs)
             Began as a Gnoll Berserker on Sept 19, 2023.
             Was a Follower of Trog.
             Mangled by a gnoll
             ... wielding a +0 flail
              (11 damage)
             ... on level 1 of the Dungeon.
             The game lasted 00:00:24 (91 turns).

jejorda2 the Chopper (Gnoll Berserker)                Turns: 91, Time: 00:00:26

Health: -7/23      AC:  2    Str: 16    XL:     1   Next: 60%
Magic:  1/1        EV: 13    Int:  6    God:    Trog [*.....]
Gold:   11         SH:  0    Dex: 11    Spells: 0/0 levels left

rFire   . . .        a - +0 hand axe
rCold   . . .        (no shield)
rNeg    . . .        b - +0 animal skin
rPois   .            (no helmet)
rElec   .            (no cloak)
rCorr   .            (no gloves)
SInv    .            (no boots)
Will    .....        (no amulet)
Stlth   +            (no ring)
HPRegen 0.23/turn    (no ring)
MPRegen 0.07/turn

%: no passive effects
@: no status effects
A: fangs 1, strong nose, distributed training
a: Renounce Religion, Berserk


You were on level 1 of the Dungeon.
You worshipped Trog.
Trog was aware of your devotion.
You visited 1 branch of the dungeon, and saw 1 of its levels.

You collected 11 gold pieces.

Inventory:

Hand Weapons
 a - a +0 hand axe (weapon)
Missiles
 d - 11 stones
Armour
 b - a +0 animal skin (worn)
Potions
 c - a potion of enlightenment {unknown}


   Skills:
 + Level 6.4 Fighting
 + Level 0.1 Short Blades
 + Level 0.1 Long Blades
 + Level 6.4 Axes
 + Level 0.1 Maces & Flails
 + Level 0.1 Polearms
 + Level 0.1 Staves
 + Level 0.1 Ranged Weapons
 + Level 0.1 Throwing
 + Level 4.4 Armour
 + Level 4.4 Dodging
 + Level 0.1 Stealth
 + Level 0.1 Shields
 + Level 0.1 Unarmed Combat
 + Level 0.1 Spellcasting
 + Level 0.1 Conjurations
 + Level 0.1 Hexes
 + Level 0.1 Summonings
 + Level 0.1 Necromancy
 + Level 0.1 Translocations
 + Level 0.1 Transmutations
 + Level 0.1 Fire Magic
 + Level 0.1 Ice Magic
 + Level 0.1 Air Magic
 + Level 0.1 Earth Magic
 + Level 0.1 Poison Magic
 + Level 0.2 Invocations
 + Level 0.1 Evocations
 + Level 0.1 Shapeshifting


You couldn't memorise any spells.
You didn't know any spells.
Your spell library was empty.

Dungeon Overview and Level Annotations

Branches:
Dungeon (1/15)

Altars:


Innate Abilities, Weirdness & Mutations

You have very sharp teeth.
Your uncanny sense of smell can sniff out nearby items.
Your experience applies equally to all skills.


Message History

The hobgoblin is heavily wounded.
The hobgoblin barely misses you.
You hit the hobgoblin.
The hobgoblin is almost dead.
You hit the hobgoblin.
You kill the hobgoblin!
Trog accepts your kill. The hobgoblin hits you.
You slash the hobgoblin!
You kill the hobgoblin!
Trog accepts your kill.
No target in view!
HP restored.
You see here a hobgoblin corpse.
d - 11 stones (gained 7)
An endoplasm comes into view.
An endoplasm is nearby!
A gnoll comes into view. It is wielding a +0 flail.
The gnoll shouts!
You closely miss the gnoll.
The endoplasm quivers.
You bite the gnoll, but do no damage. The gnoll hits you with a +0 flail.
You fail to use your ability.
The gnoll hits you with a +0 flail!
You hit the gnoll but do no damage. The gnoll closely misses you.
You closely miss the gnoll. Your bite misses the gnoll. You hit the gnoll.
The gnoll is lightly wounded.
The gnoll closely misses you.
You closely miss the gnoll.
The gnoll is lightly wounded.
You hit the endoplasm but do no damage. The endoplasm barely misses you.
The gnoll hits you with a +0 flail.
You hit the gnoll.
The gnoll is moderately wounded.
You hit the endoplasm. The endoplasm freezes you.
You are frozen.
* * * LOW HITPOINT WARNING * * *
The gnoll hits you with a +0 flail!
You die...

#######.#
#.......#
#.#######
∆ #.# #.#
#.# #.# #
##.#.# ∆
#.@..#
#Jg#.#
#..#.#
#..# #
#..# #..#
#... ##.#


You could see a gnoll and an endoplasm.

Vanquished Creatures
  A goblin (D:1)
  2 hobgoblins (D:1)
3 creatures vanquished.

Notes
Turn   | Place    | Note
-------+----------+-------------------------------------------
     0 | D:1      | jejorda2 the Gnoll Berserker began the quest for the Orb.
     0 | D:1      | Reached XP level 1. HP: 23/23 MP: 1/1
    91 | D:1      | Mangled by a gnoll

Illustrated notes

Levels and vault maps discovered:
D:1:      dpeg_arrival_rooms_b, layout_loops_ring, chequers_jeans,
          chequers_serial_rivers_small_b, nicolae_grassy_gnolls

Action                     || total
---------------------------++-------
  Melee: Hand axe          ||    11
         Bite              ||     3
 Armour: Animal skin       ||     5
  Dodge: Dodged            ||     6

Table legend: (Time is in decaauts)
 A = Elapsed time spent in this place.
 B = Non-inter-level travel time spent in this place.
 C = Inter-level travel time spent in this place.
 D = Time resting spent in this place.
 E = Time spent auto-exploring this place.
 F = Levels seen in this place.
 G = Mean time per level.
                   A        B        C        D        E       F      G
               +--------+--------+--------+--------+--------+-----+--------+
         Total |     90 |     90 |      0 |      0 |     57 |   1 |   90.0 |
       Dungeon |     90 |     90 |      0 |      0 |     57 |   1 |   90.0 |
               +--------+--------+--------+--------+--------+-----+--------+

Top non-repeatable levels by time:
     D:1: 90 daAuts
